 Dungeon Crawl Stone Soup version 0.28-a0-732-g75e6d9beac (webtiles) character file.

Game seed: 11231355890533552975

44 Corto the Digger (level 3, -4/19 HPs)
             Began as a Gargoyle Earth Elementalist on Oct 29, 2021.
             Slain by a worm (10 damage)
             ... on level 3 of the Dungeon.
             The game lasted 00:07:03 (3356 turns).

Corto the Digger (Gargoyle Earth Elementalist)      Turns: 3356, Time: 00:07:04

Health: -4/19      AC:  5    Str: 11    XL:     3   Next: 62%
Magic:  4/7        EV: 11    Int: 16    God:
Gold:   86         SH:  0    Dex: 10    Spells: 6/7 levels left

rFire   . . .      SeeInvis .   f - +1 dagger (speed)
rCold   . . .      Faith    .   (no shield)
rNeg    + . .      Spirit   .   b - +0 robe
rPois   ∞          Reflect  .   (no helmet)
rElec   +          Harm     .   (no cloak)
rCorr   .          Rampage  .   (no gloves)
Will    .....                   (no boots)
Stlth   ++........              (no amulet)
HPRegen 0.06/turn               (no ring)
MPRegen 0.10/turn               (no ring)

@: no status effects
A: sickness immunity, AC +3, negative energy resistance 1, electricity
resistance, torment resistance 1, petrification resistance
a: no special abilities


You were on level 3 of the Dungeon.
You visited 1 branch of the dungeon, and saw 3 of its levels.

You collected 86 gold pieces.

Inventory:

Hand Weapons
 a - a +0 club
 f - a +1 dagger of speed (weapon)
Missiles
 c - 83 stones
Armour
 b - a +0 robe (worn)
Scrolls
 e - 2 scrolls of amnesia {unknown}
 g - a scroll of vulnerability {unknown}
 i - a scroll of teleportation {unknown}
 j - a scroll of torment {unknown}
 l - a scroll of magic mapping {unknown}
Potions
 d - a potion of resistance {unknown}
 h - 2 potions of curing {unknown}
 k - a potion of heal wounds {unknown}


   Skills:
 - Level 1.5 Dodging
 - Level 2.1 Stealth
 + Level 2.9 Spellcasting
 - Level 0.7 Transmutations
 + Level 4.6 Earth Magic


You had 6 spell levels left.
You knew the following spells:

 Your Spells              Type           Power      Damage    Failure   Level
a - Sandblast             Erth           34%        2d9       2%          1

Your spell library contained the following spells:

 Spells                   Type           Power      Damage    Failure   Level
 Passwall                 Tmut/Erth      8%         N/A       10%         2
 Stone Arrow              Conj/Erth      18%        3d8       22%         3
 Petrify                  Tmut/Erth      10%        N/A       52%         4


Dungeon Overview and Level Annotations

Branches:
Dungeon (3/15)

Altars:


Innate Abilities, Weirdness & Mutations

You are immune to sickness and miasma.
Your stone body is resilient. (AC +3)
You are immune to poison.
You resist negative energy. (rN+)
You are resistant to electric shocks. (rElec)
You are resistant to unholy torment.
You are immune to petrification.


Message History

You see here 12 gold pieces.
You barely miss the worm. The worm bites you!
You hit the worm but do no damage. You hit the worm.
The worm is moderately wounded.
You barely miss the worm.
The worm is moderately wounded.
The worm bites you.
You hit the worm.
The worm is moderately wounded.
Casting: Sandblast (safe; 2% risk of failure)
Confirm with . or Enter, or press ? or * to list all spells.
Aiming: Sandblast (safe; 2% risk of failure)
Press: ? - help, Shift-Dir - straight line, f - worm
Aim: a worm (moderately wounded, 93% to hit)
The blast of sand hits the worm.
The worm is heavily wounded.
The worm barely misses you.
Casting: Sandblast (safe; 2% risk of failure)
Confirm with . or Enter, or press ? or * to list all spells.
Aiming: Sandblast (safe; 2% risk of failure)
Press: ? - help, Shift-Dir - straight line, f/p - worm
Aim: a worm (heavily wounded, 93% to hit)
The blast of sand hits the worm.
The worm is severely wounded.
Casting: Sandblast (safe; 2% risk of failure)
Confirm with . or Enter, or press ? or * to list all spells.
Aiming: Sandblast (safe; 2% risk of failure)
Press: ? - help, Shift-Dir - straight line, f/p - worm
Aim: a worm (severely wounded, 93% to hit)
The blast of sand hits the worm.
The worm is almost dead.
The worm barely misses you.
You hit the worm but do no damage.
The worm is severely wounded.
You barely miss the worm.
The worm is severely wounded.
The worm bites you!
Ouch! That really hurt!
You die... █▲█ █•█ █•██████ ██•█••••• ██<•••█ █••$••███•████ ██••••@w•••••• •••?█•█•••••████ ███•••••••••█ █████•••••█ ███████

You could see a worm.

Vanquished Creatures
  2 worms (D:2)
  5 ball pythons (D:1)
  6 endoplasms
  A giant cockroach (D:2)
  3 goblins (D:1)
  5 hobgoblins
  7 bats
  2 frilled lizards
  A kobold (D:1)
  3 rats (D:1)
35 creatures vanquished.

Notes
Turn   | Place    | Note
-------+----------+-------------------------------------------
     0 | D:1      | Corto the Gargoyle Earth Elementalist began the quest for
                  | the Orb.
     0 | D:1      | Reached XP level 1. HP: 10/10 MP: 3/3
   708 | D:1      | Reached skill level 4 in Earth Magic
   708 | D:1      | Reached XP level 2. HP: 6/15 MP: 5/5
  1870 | D:1      | Reached XP level 3. HP: 19/19 MP: 6/6
  3142 | D:2      | Found a faded altar of an unknown god.
  3356 | D:3      | Slain by a worm

Illustrated notes

Levels and vault maps discovered:
D:1:      nagdon_arrival_zigzag_paths, layout_loops_corners, grunt_decor_clamped
D:2:      layout_basic, chequers_ecumenical_altar_simple
D:3:      layout_loops_corners, gammafunk_ghost_stat_death

Skill      XL: |  1 |
---------------+----+-----
Earth Magic    | 4 |  4.6
Dodging        | |  1.5
Stealth        | |  2.1
Spellcasting   | |  2.9
Transmutations | |  0.7

Action                   || total
-------------------------++-------
Melee: Club              ||    77
       Unarmed           ||    13
       Dagger            ||   106
 Cast: Sandblast         ||    10
 Stab: Sleeping          ||     5
Armor: Robe              ||    71
Dodge: Dodged            ||   117

Table legend: (Time is in decaauts)
 A = Elapsed time spent in this place.
 B = Non-inter-level travel time spent in this place.
 C = Inter-level travel time spent in this place.
 D = Time resting spent in this place.
 E = Time spent auto-exploring this place.
 F = Levels seen in this place.
 G = Mean time per level.
                   A        B        C        D        E       F      G
               +--------+--------+--------+--------+--------+-----+--------+
         Total |   3342 |   3274 |     68 |      0 |   2895 |   3 | 1114.0 |
       Dungeon |   3342 |   3274 |     68 |      0 |   2895 |   3 | 1114.0 |
               +--------+--------+--------+--------+--------+-----+--------+

Top non-repeatable levels by time:
     D:1: 2119 daAuts
     D:2: 1211 daAuts
     D:3: 11 daAuts
